AoeStats
← Irving Legend

Arabia

503813611Analyzed
1v1 RM · 1mo ago on Sep 2, 2026· 41m 40s· 2 players
Game mode
Random Map
Map size
Tiny (2 player)
Population
200
Speed
Normal
Resources
Standard
Victory
Conquest
Starting age
Dark Age
Ending age
Imperial Age
RankedLock teamsTeams togetherTeam positionsShared explorationLock speedFull tech treeHidden civsTurbo modeCheats
Victory
Defeat
🇨🇦 Romans · Canada
1171
+18
🇦🇷 Tatars · Argentina
1214
-18
Irving Legend
6:53 Loom
9:40 Feudal Age
9:45 Man-at-Arms
10:12 Double-Bit Axe
13:04 Town Watch
14:46 Fletching
15:41 Horse Collar
18:34 Padded Archer Armor
22:00 Castle Age
21:22 Bloodlines
21:18 Scale Barding Armor
22:00 Forging
24:50 Bow Saw
27:30 Wheelbarrow
33:54 Chain Barding Armor
34:03 Gold Mining
39:15 Imperial Age
37:33 Heavy Plow
38:13 Gold Shaft Mining
38:02 Devotion
38:33 Husbandry
39:14 Ballistics
40:24 Leather Archer Armor
40:45 Plate Barding Armor
40:40 Cavalier
Chimi Kyle
4:59 Loom
8:59 Feudal Age
9:53 Double-Bit Axe
11:24 Wheelbarrow
10:25 Man-at-Arms
13:23 Gold Mining
18:03 Horse Collar
18:34 Fletching
18:44 Padded Archer Armor
23:34 Castle Age
24:38 Forging
24:25 Pikeman
25:07 Squires
27:36 Iron Casting
26:42 Crossbowman
27:41 Stone Mining
28:07 Heavy Plow
28:31 Hand Cart
32:00 Ballistics
32:07 Scale Barding Armor
32:29 Husbandry
33:18 Scale Mail Armor
33:18 Bodkin Arrow
34:05 Bloodlines
39:40 Imperial Age
38:08 Bow Saw
38:35 Town Watch
39:21 Treadmill Crane
39:54 Masonry
42:13 Chemistry
Connection lost

Rejoining the realm…

Still unreachable

The connection could not be restored.

Session expired

The server has moved on; the page needs a fresh start.